Panthers vs Devils
Created - May 7, 2021 at 20:01
Goals
|
Panthers |
2 |
0 |
0 |
2 |
Devils |
1 |
2 |
1 |
4 |
|
Shots
|
Panthers |
15 |
7 |
7 |
29 |
Devils |
8 |
16 |
18 |
42 |
|
1st period
1. Panthers , Alex Galchenyuk 43 (Matt Duchene 67, Raphael Diaz 12) at 9:05
2. Devils , Marian Gaborik 49 (Tyler Ennis 60, Nazem Kadri 76) at 14:03
3. Panthers , Alex Galchenyuk 44 (Alex Goligoski 32, Viktor Arvidsson 21) at 19:59
Penalties :
No Penalty
2nd period
4. Devils , Martin Samuelsson 9 (Patrick Kaleta 21, Kristopher Letang 31) at 5:57
5. Devils , Jamie Arniel 19 (Chris Stewart 29, Zach Parise 22) at 8:24
Penalties :
Erik Gudbranson (Flo) for Slashing (Minor) at 10:50, Jakob Silfverberg (Flo) for Hooking (Minor) at 15:38
3rd period
6. Devils , Zach Parise 23 (Jamie Arniel 25) at 8:47
Penalties :
Radko Gudas (Flo) for Tripping (Minor) at 4:16, Alex Goligoski (Flo) for Roughing (Minor) at 10:31, Raphael Diaz (Flo) for Interference (Minor) at 16:24
Goalie Stats
Brian Elliott (Flo), 38 saves from 42 shots - (0.905), L, 21-19-2, 60:00 minutes
Thomas McCollum (NJD), 27 saves from 29 shots - (0.931), W, 5-5-1, 60:00 minutes
Players Stats for Panthers
Player Name G A P +/- PIM S H SB GA TA FO MP PP MP PK MP
------------------------------------------------------------------------------------
Alex Galchenyuk 2 0 2 0 0 8 1 0 0 0 0/2 20:41 0:00 1:42
Alex Goligoski 0 1 1 0 2 4 4 3 0 3 0/0 25:56 0:00 3:33
Chad Larose 0 0 0 -1 0 1 0 0 0 0 0/1 14:21 0:00 3:14
David Booth 0 0 0 -1 0 0 2 0 0 1 0/0 12:53 0:00 0:00
Drew Stafford 0 0 0 -1 0 0 0 1 0 1 0/0 16:50 0:00 5:28
Erik Gudbranson 0 0 0 0 2 1 1 2 1 2 0/0 26:07 0:00 4:06
Jakob Silfverberg 0 0 0 -1 2 0 2 0 0 1 0/1 13:20 0:00 0:00
Jonathan Sigalet 0 0 0 -1 0 0 1 2 1 0 0/0 15:03 0:00 3:04
Kyle Wellwood 0 0 0 0 0 0 1 0 0 0 1/1 7:05 0:00 0:14
Matt Duchene 0 1 1 0 0 3 4 2 1 1 12/28 20:21 0:00 1:12
Max Reinhart 0 0 0 -1 0 4 1 0 0 0 1/13 16:16 0:00 5:29
Michael Raffl 0 0 0 0 0 0 0 0 1 1 0/0 6:51 0:00 0:00
Radko Gudas 0 0 0 -1 2 1 2 3 0 0 0/0 20:29 0:00 3:18
Raphael Diaz 0 1 1 -1 2 1 0 0 0 0 0/0 10:55 0:00 0:00
Stefan Ruzicka 0 0 0 0 0 0 0 1 0 0 0/0 6:51 0:00 0:00
Taylor Chorney 0 0 0 -1 0 2 2 0 0 1 0/0 21:46 0:00 5:49
Travis Zajac 0 0 0 -1 0 3 4 1 0 1 3/10 15:24 0:00 2:31
Viktor Arvidsson 0 1 1 0 0 1 2 0 0 0 1/1 18:51 0:00 0:00
Players Stats for Devils
Player Name G A P +/- PIM S H SB GA TA FO MP PP MP PK MP
------------------------------------------------------------------------------------
Anton Stralman 0 0 0 3 0 4 3 1 0 0 0/0 26:10 4:52 0:00
Brad Richards 0 0 0 1 0 1 1 0 1 0 2/5 11:58 0:39 0:00
Brad Richardson 0 0 0 0 0 0 2 0 1 0 1/1 8:15 0:39 0:00
Chris Stewart 0 1 1 2 0 2 1 0 1 0 2/2 17:10 4:45 0:00
Eric Tangradi 0 0 0 0 0 0 0 0 0 0 0/0 7:36 0:00 0:00
Jamie Arniel 1 1 2 2 0 2 2 0 2 0 6/6 17:10 4:45 0:00
Josh Gorges 0 0 0 -1 0 1 0 0 0 2 0/0 19:34 5:03 0:00
Kristopher Letang 0 1 1 3 0 3 2 2 0 0 0/0 26:10 4:52 0:00
Marian Gaborik 1 0 1 -1 0 5 1 1 2 0 0/0 23:16 4:31 0:00
Martin Samuelsson 1 0 1 1 0 1 0 0 0 0 0/0 11:19 0:00 0:00
Matt Donovan 0 0 0 0 0 1 0 0 1 0 0/0 14:16 0:00 0:00
Michael Del Zotto 0 0 0 -1 0 2 0 3 0 0 0/0 19:34 5:03 0:00
Nazem Kadri 0 1 1 -1 0 4 1 1 1 1 25/39 23:16 4:31 0:00
Nick Bonino 0 0 0 0 0 0 1 1 0 0 1/1 7:36 0:00 0:00
Patrick Kaleta 0 1 1 1 0 4 0 0 1 0 0/0 11:58 0:39 0:00
Thomas Hickey 0 0 0 0 0 0 1 0 0 0 0/0 14:16 0:00 0:00
Tyler Ennis 0 1 1 -1 0 9 2 1 1 1 1/2 23:16 4:31 0:00
Zach Parise 1 1 2 2 0 3 0 0 1 0 1/1 17:10 4:45 0:00
3 Stars
1 - Jamie Arniel (NJD)
2 - Zach Parise (NJD)
3 - Alex Galchenyuk (Flo)
Power Play
Panthers - 0 on 0 Attempt(s) - 0.00%
Devils - 0 on 5 Attempt(s) - 0.00%
Penalty Kill
Panthers - 5 on 5 Attempt(s) - 100.00%
- Score 0 goal in Penalty Kill
Devils - 0 on 0 Attempt(s) - 0.00%
- Score 0 goal in Penalty Kill
Team Stat
Panthers - Hits : 27 - Faceoff Wins : 18 - Blocked Shots : 15 - Penalty Minutes : 10
Devils - Hits : 17 - Faceoff Wins : 39 - Blocked Shots : 10 - Penalty Minutes : 0
Official
Referees : Unknown
Linesman : Unknown
Game Notes
No Game Note
Finance
Level 1 -- Attendance: 6000 (100.00%) -- Ticket Income $630,000
Level 2 -- Attendance: 4962 (99.24%) -- Ticket Income $322,530
Level 3 -- Attendance: 2000 (100.00%) -- Ticket Income $80,000
Level 4 -- Attendance: 4000 (100.00%) -- Ticket Income $112,000
Luxury Box -- Attendance: 1000 (100.00%) -- Ticket Income $180,000
Game was played at the The Pack Center.
Total Attendance: 17962 (99.79%)
Total Ticket Income: $1,324,530
Other Income: $198,680
Total Income: $1,523,210
Panthers
5 vs 5 Forward
Center Left Wing Right Wing Time % Phy DF OF
1 Matt Duchene Alex Galchenyuk Viktor Arvidsson 40 1 2 2
2 Travis Zajac David Booth Jakob Silfverberg 30 1 2 2
3 Max Reinhart Chad Larose Drew Stafford 20 1 2 2
4 Kyle Wellwood Michael Raffl Stefan Ruzicka 10 1 2 2
5 vs 5 Defense
Defense Defense Time % Phy DF OF
1 Erik Gudbranson Alex Goligoski 40 1 2 2
2 Taylor Chorney Radko Gudas 30 1 2 2
3 Raphael Diaz Jonathan Sigalet 20 1 2 2
4 Erik Gudbranson Alex Goligoski 10 1 2 2
PowerPlay Forward
Center Left Wing Right Wing Time % Phy DF OF
1 Matt Duchene Alex Galchenyuk Jakob Silfverberg 60 0 1 4
2 Travis Zajac David Booth Viktor Arvidsson 40 0 1 4
PowerPlay Defense
Defense Defense Time % Phy DF OF
1 Erik Gudbranson Alex Goligoski 60 0 2 3
2 Raphael Diaz Taylor Chorney 40 0 2 3
Penalty Kill 4 Players Forward
Center Wing Time % Phy DF OF
1 Max Reinhart Drew Stafford 60 1 3 1
2 Travis Zajac Chad Larose 40 1 3 1
Penalty Kill 4 Players Defense
Defense Defense Time % Phy DF OF
1 Erik Gudbranson Taylor Chorney 60 1 3 1
2 Alex Goligoski Radko Gudas 40 1 3 1
Penalty Kill - 3 Players Forward
Forward Time % Phy DF OF
1 Drew Stafford 60 1 3 1
2 Max Reinhart 40 1 3 1
Penalty Kill - 3 Players Defense
Defense Defense Time % Phy DF OF
1 Erik Gudbranson Taylor Chorney 60 1 3 1
2 Alex Goligoski Radko Gudas 40 1 3 1
4 vs 4 Forward
Center Wing Time % Phy DF OF
1 Matt Duchene Alex Galchenyuk 60 1 2 2
2 Travis Zajac Jakob Silfverberg 40 1 2 2
4 vs 4 Defense
Defense Defense Time % Phy DF OF
1 Erik Gudbranson Alex Goligoski 60 1 2 2
2 Taylor Chorney Radko Gudas 40 1 2 2
Last Minutes Offensive
Center Left Wing Right Wing Defense Defense
Matt Duchene Alex Galchenyuk Viktor Arvidsson Erik Gudbranson Alex Goligoski
Last Minutes Defensive
Center Left Wing Right Wing Defense Defense
Max Reinhart David Booth Drew Stafford Erik Gudbranson Taylor Chorney
Goaltenders
Starting : Brian Elliott
Backup : Petr Mrazek
Extra Forwards
Normal : Jakob Silfverberg, Alex Galchenyuk, Matt Duchene - PP : Drew Stafford, Alex Galchenyuk - PK : Chad Larose
Extra Defensemen
Normal : Radko Gudas, Erik Gudbranson, Alex Goligoski - PP : Radko Gudas - PK : Alex Goligoski, Erik Gudbranson
Penalty Shots
Jakob Silfverberg, Viktor Arvidsson, Alex Galchenyuk, Kyle Wellwood, David Booth
Scratches
None
Devils
5 vs 5 Forward
Center Left Wing Right Wing Time % Phy DF OF
1 Nazem Kadri Tyler Ennis Marian Gaborik 40 0 2 3
2 Jamie Arniel Zach Parise Chris Stewart 30 0 2 3
3 Brad Richards Martin Samuelsson Patrick Kaleta 20 0 2 3
4 Nick Bonino Eric Tangradi Brad Richardson 10 0 2 3
5 vs 5 Defense
Defense Defense Time % Phy DF OF
1 Kristopher Letang Anton Stralman 44 0 3 2
2 Michael Del Zotto Josh Gorges 32 0 3 2
3 Thomas Hickey Matt Donovan 24 0 3 2
4 Kristopher Letang Anton Stralman 0 0 3 2
PowerPlay Forward
Center Left Wing Right Wing Time % Phy DF OF
1 Nazem Kadri Tyler Ennis Marian Gaborik 60 1 0 4
2 Jamie Arniel Zach Parise Chris Stewart 40 1 0 4
PowerPlay Defense
Defense Defense Time % Phy DF OF
1 Kristopher Letang Anton Stralman 60 0 3 2
2 Michael Del Zotto Josh Gorges 40 0 3 2
Penalty Kill 4 Players Forward
Center Wing Time % Phy DF OF
1 Martin Samuelsson Patrick Kaleta 60 1 3 1
2 Jamie Arniel Zach Parise 40 1 3 1
Penalty Kill 4 Players Defense
Defense Defense Time % Phy DF OF
1 Kristopher Letang Anton Stralman 50 1 4 0
2 Michael Del Zotto Josh Gorges 50 1 4 0
Penalty Kill - 3 Players Forward
Forward Time % Phy DF OF
1 Zach Parise 60 1 3 1
2 Tyler Ennis 40 1 2 2
Penalty Kill - 3 Players Defense
Defense Defense Time % Phy DF OF
1 Kristopher Letang Anton Stralman 60 1 4 0
2 Michael Del Zotto Josh Gorges 40 1 4 0
4 vs 4 Forward
Center Wing Time % Phy DF OF
1 Nazem Kadri Tyler Ennis 60 0 2 3
2 Brad Richards Zach Parise 40 0 2 3
4 vs 4 Defense
Defense Defense Time % Phy DF OF
1 Kristopher Letang Anton Stralman 60 0 3 2
2 Michael Del Zotto Josh Gorges 40 0 3 2
Last Minutes Offensive
Center Left Wing Right Wing Defense Defense
Nazem Kadri Tyler Ennis Marian Gaborik Kristopher Letang Michael Del Zotto
Last Minutes Defensive
Center Left Wing Right Wing Defense Defense
Brad Richards Tyler Ennis Marian Gaborik Kristopher Letang Anton Stralman
Goaltenders
Starting : Thomas McCollum
Backup : Maxime Daigneault
Extra Forwards
Normal : Brad Richards, Patrick Kaleta, Martin Samuelsson - PP : Brad Richards, Patrick Kaleta - PK : Martin Samuelsson
Extra Defensemen
Normal : Thomas Hickey, Matt Donovan, Michael Del Zotto - PP : Thomas Hickey - PK : Matt Donovan, Michael Del Zotto
Penalty Shots
Marian Gaborik, Tyler Ennis, Nazem Kadri, Zach Parise, Jamie Arniel
Scratches
Mike Weber (Healthy)
% Time on Ice - Panthers
Lines # - Real PCT - Wanted PCT - Time Play
Normal Forward
1 - 40% - 40% - 19:49
2 - 26% - 30% - 12:53
3 - 21% - 20% - 10:32
4 - 14% - 10% - 6:51
Normal Defense
1 - 40% - 40% - 20:10
2 - 32% - 30% - 16:13
3 - 22% - 20% - 10:51
4 - 6% - 10% - 2:51
PP Forward
1 - 0% - 60%
2 - 0% - 40%
PP Defense
1 - 0% - 60%
2 - 0% - 40%
PK Forward
1 - 75% - 60% - 7:24
2 - 25% - 40% - 2:31
PK Defense
1 - 68% - 60% - 6:46
2 - 32% - 40% - 3:09
PK3 Forward
1 - 0% - 60%
2 - 0% - 40%
PK3 Defense
1 - 0% - 60%
2 - 0% - 40%
44 Forward
1 - 0% - 60%
2 - 0% - 40%
44 Defense
1 - 0% - 60%
2 - 0% - 40%
Last Minute Offensive - 0:00
Last Minute Defensive - 0:00
Total
Forward - 60:00
Defense - 60:00
|
% Time on Ice - Devils
Lines # - Real PCT - Wanted PCT - Time Play
Normal Forward
1 - 38% - 40% - 18:58
2 - 25% - 30% - 12:25
3 - 22% - 20% - 11:06
4 - 15% - 10% - 7:36
Normal Defense
1 - 43% - 44% - 21:18
2 - 29% - 32% - 14:31
3 - 28% - 24% - 14:16
4 - 0% - 0% - 0:00
PP Forward
1 - 51% - 60% - 5:03
2 - 49% - 40% - 4:52
PP Defense
1 - 49% - 60% - 4:52
2 - 51% - 40% - 5:03
PK Forward
1 - 0% - 60%
2 - 0% - 40%
PK Defense
1 - 0% - 50%
2 - 0% - 50%
PK3 Forward
1 - 0% - 60%
2 - 0% - 40%
PK3 Defense
1 - 0% - 60%
2 - 0% - 40%
44 Forward
1 - 0% - 60%
2 - 0% - 40%
44 Defense
1 - 0% - 60%
2 - 0% - 40%
Last Minute Offensive - 0:00
Last Minute Defensive - 0:00
Total
Forward - 60:00
Defense - 60:00
|
Play-by-Play
1st period
0:01 of 1st period - Nazem Kadri wins face-off versus Matt Duchene in neutral zone.
0:14 of 1st period - Matt Duchene is hit by Anton Stralman.
0:52 of 1st period - Slapshot by Nazem Kadri.
0:52 of 1st period - Shot Misses the Net.
0:54 of 1st period - Snap shot by Marian Gaborik.
0:54 of 1st period - Shot Blocked by Drew Stafford.
0:56 of 1st period - Snap shot by Tyler Ennis.
0:56 of 1st period - Shot Misses the Net.
1:16 of 1st period - Snap shot by Tyler Ennis.
1:16 of 1st period - Stopped by Brian Elliott without a rebound.
1:17 of 1st period - Chris Stewart wins face-off versus Travis Zajac in Panthers zone.
1:28 of 1st period - Snap shot by Chris Stewart.
1:28 of 1st period - Shot Misses the Net.
1:30 of 1st period - Slapshot by Michael Del Zotto.
1:30 of 1st period - Deflect By Raphael Diaz.
1:30 of 1st period - Stopped by Brian Elliott with a rebound.
1:44 of 1st period - Snap shot by Brad Richards.
1:44 of 1st period - Shot Blocked by Jonathan Sigalet.
2:09 of 1st period - Jonathan Sigalet is hit by Brad Richardson and loses puck.
2:34 of 1st period - Jamie Arniel is hit by Travis Zajac and loses puck.
3:38 of 1st period - Slapshot by Alex Goligoski.
3:38 of 1st period - Stopped by Thomas McCollum with a rebound.
4:13 of 1st period - Brad Richardson is hit by Matt Duchene and loses puck.
4:34 of 1st period - Zach Parise is hit by Max Reinhart and loses puck.
4:57 of 1st period - Tyler Ennis is hit by Jakob Silfverberg and loses puck.
5:35 of 1st period - Brad Richardson is hit by Alex Galchenyuk and loses puck.
5:42 of 1st period - Snap shot by Matt Duchene.
5:42 of 1st period - Shot Blocked by Nick Bonino.
6:05 of 1st period - Josh Gorges is hit by Alex Goligoski.
6:09 of 1st period - Jamie Arniel is hit by Alex Goligoski and loses puck.
7:38 of 1st period - Anton Stralman is hit by Kyle Wellwood.
7:50 of 1st period - Slapshot by Jamie Arniel.
7:50 of 1st period - Shot Blocked by Radko Gudas.
7:52 of 1st period - Slapshot by Kristopher Letang.
7:52 of 1st period - Stopped by Brian Elliott without a rebound.
7:53 of 1st period - Matt Duchene wins face-off versus Nazem Kadri in Panthers zone.
8:51 of 1st period - Snap shot by Chad Larose.
8:51 of 1st period - Stopped by Thomas McCollum without a rebound.
8:52 of 1st period - Matt Duchene wins face-off versus Nazem Kadri in Devils zone.
8:59 of 1st period - Wrist shot by Matt Duchene.
8:59 of 1st period - Shot Misses the Net.
9:05 of 1st period - Snap shot by Alex Galchenyuk.
9:05 of 1st period - Goal by Alex Galchenyuk - Panthers : 1 - Devils : 0.
9:06 of 1st period - Matt Duchene wins face-off versus Nazem Kadri in neutral zone.
10:03 of 1st period - Wrist shot by Nick Bonino.
10:03 of 1st period - Shot Misses the Net.
10:13 of 1st period - Thomas Hickey is hit by Radko Gudas and loses puck.
11:14 of 1st period - Off-side.
11:15 of 1st period - Brad Richardson wins face-off versus Max Reinhart in neutral zone.
11:22 of 1st period - Backhand shot by Kristopher Letang.
11:22 of 1st period - Deflect By Drew Stafford.
11:22 of 1st period - Stopped by Brian Elliott without a rebound.
11:23 of 1st period - Matt Duchene wins face-off versus Nazem Kadri in Panthers zone.
11:23 of 1st period - Matt Duchene is hit by Marian Gaborik.
11:35 of 1st period - Snap shot by Nazem Kadri.
11:35 of 1st period - Stopped by Brian Elliott with a rebound.
11:37 of 1st period - Snap shot by Tyler Ennis.
11:37 of 1st period - Deflect By Nazem Kadri.
11:37 of 1st period - Shot Misses the Net.
11:37 of 1st period - Puck is out of play.
11:38 of 1st period - Nazem Kadri wins face-off versus Matt Duchene in Panthers zone.
11:43 of 1st period - Backhand shot by Marian Gaborik.
11:43 of 1st period - Shot Misses the Net.
11:45 of 1st period - Backhand shot by Anton Stralman.
11:45 of 1st period - Shot Misses the Net.
11:47 of 1st period - Slapshot by Anton Stralman.
11:47 of 1st period - Stopped by Brian Elliott without a rebound.
11:48 of 1st period - Matt Duchene wins face-off versus Nazem Kadri in Panthers zone.
12:03 of 1st period - Slapshot by Viktor Arvidsson.
12:03 of 1st period - Deflect By Alex Galchenyuk.
12:03 of 1st period - Stopped by Thomas McCollum without a rebound.
12:04 of 1st period - Travis Zajac wins face-off versus Brad Richards in Devils zone.
12:55 of 1st period - Slapshot by Erik Gudbranson.
12:55 of 1st period - Stopped by Thomas McCollum without a rebound.
12:56 of 1st period - Jamie Arniel wins face-off versus Chad Larose in Devils zone.
12:56 of 1st period - Jamie Arniel is hit by Taylor Chorney.
13:42 of 1st period - Wrist shot by Max Reinhart.
13:42 of 1st period - Shot Blocked by Michael Del Zotto.
13:44 of 1st period - Slapshot by Alex Goligoski.
13:44 of 1st period - Shot Blocked by Michael Del Zotto.
13:46 of 1st period - Slapshot by Drew Stafford.
13:46 of 1st period - Shot Misses the Net.
13:52 of 1st period - Snap shot by Max Reinhart.
13:52 of 1st period - Stopped by Thomas McCollum with a rebound.
13:54 of 1st period - Slapshot by Taylor Chorney.
13:54 of 1st period - Stopped by Thomas McCollum without a rebound.
13:55 of 1st period - Nazem Kadri wins face-off versus Alex Galchenyuk in Devils zone.
13:55 of 1st period - Nazem Kadri is hit by Radko Gudas.
14:03 of 1st period - Snap shot by Marian Gaborik.
14:03 of 1st period - Goal by Marian Gaborik - Panthers : 1 - Devils : 1.
14:04 of 1st period - Matt Duchene wins face-off versus Nazem Kadri in neutral zone.
14:07 of 1st period - Snap shot by Alex Goligoski.
14:07 of 1st period - Stopped by Thomas McCollum with a rebound.
14:09 of 1st period - Snap shot by Matt Duchene.
14:09 of 1st period - Shot Misses the Net.
14:11 of 1st period - Wrist shot by Alex Galchenyuk.
14:11 of 1st period - Stopped by Thomas McCollum without a rebound.
14:12 of 1st period - Matt Duchene wins face-off versus Nazem Kadri in Devils zone.
14:13 of 1st period - Snap shot by Viktor Arvidsson.
14:13 of 1st period - Shot Misses the Net.
14:15 of 1st period - Slapshot by Alex Goligoski.
14:15 of 1st period - Deflect By Matt Duchene.
14:15 of 1st period - Shot Misses the Net.
14:15 of 1st period - Puck is out of play.
14:16 of 1st period - Nazem Kadri wins face-off versus Matt Duchene in Devils zone.
14:16 of 1st period - Nazem Kadri is hit by Matt Duchene.
15:36 of 1st period - Nick Bonino is hit by Viktor Arvidsson.
16:11 of 1st period - Patrick Kaleta is hit by Erik Gudbranson.
16:19 of 1st period - Snap shot by Max Reinhart.
16:19 of 1st period - Shot Misses the Net.
16:21 of 1st period - Slapshot by Max Reinhart.
16:21 of 1st period - Shot Misses the Net.
16:59 of 1st period - Alex Galchenyuk is hit by Nick Bonino and loses puck.
17:12 of 1st period - Nazem Kadri is hit by Travis Zajac and loses puck.
17:19 of 1st period - Wrist shot by Alex Goligoski.
17:19 of 1st period - Stopped by Thomas McCollum without a rebound.
17:20 of 1st period - Nazem Kadri wins face-off versus Travis Zajac in Devils zone.
17:55 of 1st period - Wrist shot by Brad Richards.
17:55 of 1st period - Deflect By Erik Gudbranson.
17:55 of 1st period - Stopped by Brian Elliott without a rebound.
17:56 of 1st period - Tyler Ennis wins face-off versus Matt Duchene in Panthers zone.
18:31 of 1st period - Snap shot by Jamie Arniel.
18:31 of 1st period - Shot Misses the Net.
19:14 of 1st period - Wrist shot by Taylor Chorney.
19:14 of 1st period - Deflect By Thomas Hickey.
19:14 of 1st period - Stopped by Thomas McCollum without a rebound.
19:15 of 1st period - Matt Duchene wins face-off versus Nazem Kadri in Devils zone.
19:18 of 1st period - Slapshot by Alex Galchenyuk.
19:18 of 1st period - Shot Misses the Net.
19:20 of 1st period - Backhand shot by Alex Goligoski.
19:20 of 1st period - Stopped by Thomas McCollum with a rebound.
19:22 of 1st period - Snap shot by Alex Galchenyuk.
19:22 of 1st period - Deflect By Viktor Arvidsson.
19:22 of 1st period - Stopped by Thomas McCollum without a rebound.
19:23 of 1st period - Nazem Kadri wins face-off versus Matt Duchene in Devils zone.
19:32 of 1st period - Kristopher Letang is hit by Matt Duchene and loses puck.
19:51 of 1st period - Wrist shot by Matt Duchene.
19:51 of 1st period - Stopped by Thomas McCollum with a rebound.
19:53 of 1st period - Slapshot by Erik Gudbranson.
19:53 of 1st period - Shot Blocked by Kristopher Letang.
19:55 of 1st period - Wrist shot by Viktor Arvidsson.
19:55 of 1st period - Shot Blocked by Tyler Ennis.
19:57 of 1st period - Slapshot by Alex Goligoski.
19:57 of 1st period - Shot Blocked by Kristopher Letang.
19:59 of 1st period - Slapshot by Alex Galchenyuk.
19:59 of 1st period - Goal by Alex Galchenyuk - Panthers : 2 - Devils : 1.
Goals for this period are 2 for Panthers vs 1 for Devils.
Shots for this period are 15 for Panthers vs 8 for Devils.
2nd period
0:01 of 2nd period - Viktor Arvidsson wins face-off versus Nazem Kadri in neutral zone.
0:06 of 2nd period - Slapshot by Alex Goligoski.
0:06 of 2nd period - Shot Blocked by Marian Gaborik.
0:20 of 2nd period - Nazem Kadri is hit by Viktor Arvidsson and loses puck.
0:37 of 2nd period - Snap shot by Travis Zajac.
0:37 of 2nd period - Shot Blocked by Anton Stralman.
0:39 of 2nd period - Snap shot by Travis Zajac.
0:39 of 2nd period - Stopped by Thomas McCollum without a rebound.
0:40 of 2nd period - Jamie Arniel wins face-off versus Travis Zajac in Devils zone.
2:01 of 2nd period - Backhand shot by Alex Galchenyuk.
2:01 of 2nd period - Stopped by Thomas McCollum with a rebound.
2:21 of 2nd period - Chris Stewart is hit by David Booth and loses puck.
2:54 of 2nd period - Raphael Diaz is hit by Brad Richards and loses puck.
3:11 of 2nd period - Snap shot by Max Reinhart.
3:11 of 2nd period - Stopped by Thomas McCollum with a rebound.
3:20 of 2nd period - Slapshot by Erik Gudbranson.
3:20 of 2nd period - Deflect By Max Reinhart.
3:20 of 2nd period - Stopped by Thomas McCollum without a rebound.
3:21 of 2nd period - Nazem Kadri wins face-off versus Matt Duchene in Devils zone.
3:38 of 2nd period - Snap shot by Tyler Ennis.
3:38 of 2nd period - Stopped by Brian Elliott with a rebound.
5:30 of 2nd period - Backhand shot by Brad Richardson.
5:30 of 2nd period - Shot Misses the Net.
5:46 of 2nd period - Thomas Hickey is hit by Alex Goligoski and loses puck.
5:55 of 2nd period - Snap shot by Patrick Kaleta.
5:55 of 2nd period - Stopped by Brian Elliott with a rebound.
5:57 of 2nd period - Wrist shot by Martin Samuelsson.
5:57 of 2nd period - Goal by Martin Samuelsson - Panthers : 2 - Devils : 2.
5:58 of 2nd period - Nazem Kadri wins face-off versus Matt Duchene in neutral zone.
6:25 of 2nd period - Alex Goligoski is hit by Anton Stralman and loses puck.
6:32 of 2nd period - Snap shot by Brad Richards.
6:32 of 2nd period - Shot Misses the Net.
6:34 of 2nd period - Slapshot by Martin Samuelsson.
6:34 of 2nd period - Shot Blocked by Alex Goligoski.
6:38 of 2nd period - Slapshot by Patrick Kaleta.
6:38 of 2nd period - Stopped by Brian Elliott with a rebound.
6:58 of 2nd period - Thomas Hickey is hit by David Booth and loses puck.
7:31 of 2nd period - Nick Bonino is hit by Taylor Chorney and loses puck.
7:57 of 2nd period - Jonathan Sigalet is hit by Thomas Hickey and loses puck.
8:20 of 2nd period - Slapshot by Chris Stewart.
8:20 of 2nd period - Stopped by Brian Elliott with a rebound.
8:22 of 2nd period - Slapshot by Chris Stewart.
8:22 of 2nd period - Stopped by Brian Elliott with a rebound.
8:24 of 2nd period - Snap shot by Jamie Arniel.
8:24 of 2nd period - Goal by Jamie Arniel - Panthers : 2 - Devils : 3.
8:25 of 2nd period - Nazem Kadri wins face-off versus Matt Duchene in neutral zone.
8:40 of 2nd period - Snap shot by Alex Galchenyuk.
8:40 of 2nd period - Stopped by Thomas McCollum with a rebound.
8:42 of 2nd period - Snap shot by Viktor Arvidsson.
8:42 of 2nd period - Shot Blocked by Nazem Kadri.
8:52 of 2nd period - Jakob Silfverberg is hit by Jamie Arniel and loses puck.
9:45 of 2nd period - Snap shot by Patrick Kaleta.
9:45 of 2nd period - Stopped by Brian Elliott without a rebound.
9:46 of 2nd period - Nazem Kadri wins face-off versus Matt Duchene in Panthers zone.
10:13 of 2nd period - Zach Parise is hit by Travis Zajac and loses puck.
10:20 of 2nd period - Slapshot by Travis Zajac.
10:20 of 2nd period - Stopped by Thomas McCollum with a rebound.
10:50 of 2nd period - Minor Penalty to Erik Gudbranson for Slashing.
10:51 of 2nd period - Nazem Kadri wins face-off versus Max Reinhart in Panthers zone.
10:52 of 2nd period - Slapshot by Marian Gaborik.
10:52 of 2nd period - Shot Blocked by Alex Goligoski.
10:54 of 2nd period - Slapshot by Kristopher Letang.
10:54 of 2nd period - Stopped by Brian Elliott with a rebound.
11:12 of 2nd period - Alex Goligoski is hit by Kristopher Letang and loses puck.
11:33 of 2nd period - Wrist shot by Chris Stewart.
11:33 of 2nd period - Deflect By Zach Parise.
11:33 of 2nd period - Shot Misses the Net.
11:33 of 2nd period - Puck is out of play.
11:34 of 2nd period - Nazem Kadri wins face-off versus Max Reinhart in Panthers zone.
11:59 of 2nd period - Alex Goligoski is hit by Chris Stewart and loses puck.
12:50 of 2nd period - Penalty to Erik Gudbranson is over, Erik Gudbranson is back on ice.
13:43 of 2nd period - Wrist shot by Alex Galchenyuk.
13:43 of 2nd period - Shot Misses the Net.
15:09 of 2nd period - Snap shot by Patrick Kaleta.
15:09 of 2nd period - Stopped by Brian Elliott with a rebound.
15:22 of 2nd period - Wrist shot by Matt Duchene.
15:22 of 2nd period - Stopped by Thomas McCollum with a rebound.
15:38 of 2nd period - Minor Penalty to Jakob Silfverberg for Hooking.
15:39 of 2nd period - Nazem Kadri wins face-off versus Max Reinhart in Panthers zone.
16:14 of 2nd period - Slapshot by Michael Del Zotto.
16:14 of 2nd period - Shot Blocked by Jonathan Sigalet.
17:38 of 2nd period - Penalty to Jakob Silfverberg is over, Jakob Silfverberg is back on ice.
17:44 of 2nd period - Michael Del Zotto is hit by Travis Zajac.
18:22 of 2nd period - Icing by Eric Tangradi.
18:23 of 2nd period - Nick Bonino wins face-off versus Matt Duchene in Devils zone.
18:23 of 2nd period - Nick Bonino is hit by Matt Duchene.
18:39 of 2nd period - Slapshot by Matt Donovan.
18:39 of 2nd period - Stopped by Brian Elliott without a rebound.
18:40 of 2nd period - Nazem Kadri wins face-off versus Travis Zajac in Panthers zone.
18:43 of 2nd period - Slapshot by Marian Gaborik.
18:43 of 2nd period - Deflect By Tyler Ennis.
18:43 of 2nd period - Stopped by Brian Elliott without a rebound.
18:44 of 2nd period - Nazem Kadri wins face-off versus Jakob Silfverberg in Panthers zone.
18:45 of 2nd period - Snap shot by Marian Gaborik.
18:45 of 2nd period - Stopped by Brian Elliott without a rebound.
18:46 of 2nd period - Travis Zajac wins face-off versus Nazem Kadri in Panthers zone.
19:19 of 2nd period - Slapshot by Zach Parise.
19:19 of 2nd period - Stopped by Brian Elliott without a rebound.
19:20 of 2nd period - Jamie Arniel wins face-off versus Matt Duchene in Panthers zone.
19:27 of 2nd period - Snap shot by Chris Stewart.
19:27 of 2nd period - Shot Misses the Net.
19:50 of 2nd period - Wrist shot by Tyler Ennis.
19:50 of 2nd period - Stopped by Brian Elliott without a rebound.
19:51 of 2nd period - Nazem Kadri wins face-off versus Travis Zajac in Panthers zone.
19:52 of 2nd period - Backhand shot by Tyler Ennis.
19:52 of 2nd period - Shot Misses the Net.
19:54 of 2nd period - Slapshot by Anton Stralman.
19:54 of 2nd period - Stopped by Brian Elliott with a rebound.
Goals for this period are 0 for Panthers vs 2 for Devils.
Shots for this period are 7 for Panthers vs 16 for Devils.
3rd period
0:01 of 3rd period - Nazem Kadri wins face-off versus Matt Duchene in neutral zone.
0:10 of 3rd period - Wrist shot by Marian Gaborik.
0:10 of 3rd period - Stopped by Brian Elliott without a rebound.
0:11 of 3rd period - Matt Duchene wins face-off versus Tyler Ennis in Panthers zone.
0:38 of 3rd period - Jamie Arniel is hit by Jakob Silfverberg.
1:43 of 3rd period - Snap shot by Matt Duchene.
1:43 of 3rd period - Stopped by Thomas McCollum without a rebound.
1:44 of 3rd period - Nazem Kadri wins face-off versus Matt Duchene in Devils zone.
1:49 of 3rd period - Snap shot by Marian Gaborik.
1:49 of 3rd period - Shot Misses the Net.
1:51 of 3rd period - Backhand shot by Tyler Ennis.
1:51 of 3rd period - Stopped by Brian Elliott without a rebound.
1:52 of 3rd period - Nazem Kadri wins face-off versus Matt Duchene in Panthers zone.
1:53 of 3rd period - Snap shot by Tyler Ennis.
1:53 of 3rd period - Shot Misses the Net.
2:07 of 3rd period - Slapshot by Viktor Arvidsson.
2:07 of 3rd period - Shot Misses the Net.
2:15 of 3rd period - Matt Duchene is hit by Tyler Ennis and loses puck.
2:46 of 3rd period - Snap shot by Nazem Kadri.
2:46 of 3rd period - Stopped by Brian Elliott with a rebound.
3:08 of 3rd period - Snap shot by Nazem Kadri.
3:08 of 3rd period - Stopped by Brian Elliott with a rebound.
3:10 of 3rd period - Snap shot by Marian Gaborik.
3:10 of 3rd period - Shot Blocked by Radko Gudas.
3:12 of 3rd period - Wrist shot by Marian Gaborik.
3:12 of 3rd period - Shot Misses the Net.
3:24 of 3rd period - Wrist shot by Marian Gaborik.
3:24 of 3rd period - Shot Misses the Net.
3:26 of 3rd period - Slapshot by Anton Stralman.
3:26 of 3rd period - Deflect By Matt Duchene.
3:26 of 3rd period - Stopped by Brian Elliott with a rebound.
3:36 of 3rd period - Slapshot by Marian Gaborik.
3:36 of 3rd period - Shot Blocked by Radko Gudas.
4:16 of 3rd period - Minor Penalty to Radko Gudas for Tripping.
4:17 of 3rd period - Jamie Arniel wins face-off versus Max Reinhart in Panthers zone.
4:32 of 3rd period - Wrist shot by Jamie Arniel.
4:32 of 3rd period - Shot Misses the Net.
4:34 of 3rd period - Slapshot by Josh Gorges.
4:34 of 3rd period - Stopped by Brian Elliott without a rebound.
4:35 of 3rd period - Zach Parise wins face-off versus Max Reinhart in Panthers zone.
4:36 of 3rd period - Wrist shot by Jamie Arniel.
4:36 of 3rd period - Stopped by Brian Elliott without a rebound.
4:37 of 3rd period - Chris Stewart wins face-off versus Max Reinhart in Panthers zone.
5:47 of 3rd period - Taylor Chorney is hit by Brad Richardson and loses puck.
6:11 of 3rd period - Backhand shot by Michael Del Zotto.
6:11 of 3rd period - Stopped by Brian Elliott without a rebound.
6:12 of 3rd period - Kyle Wellwood wins face-off versus Nazem Kadri in Panthers zone.
6:16 of 3rd period - Penalty to Radko Gudas is over, Radko Gudas is back on ice.
7:58 of 3rd period - Wrist shot by Marian Gaborik.
7:58 of 3rd period - Stopped by Brian Elliott without a rebound.
7:59 of 3rd period - Nazem Kadri wins face-off versus Max Reinhart in Panthers zone.
8:08 of 3rd period - Wrist shot by Nazem Kadri.
8:08 of 3rd period - Stopped by Brian Elliott without a rebound.
8:09 of 3rd period - Nazem Kadri wins face-off versus Alex Galchenyuk in Panthers zone.
8:18 of 3rd period - Snap shot by Matt Duchene.
8:18 of 3rd period - Shot Misses the Net.
8:26 of 3rd period - Slapshot by Alex Galchenyuk.
8:26 of 3rd period - Stopped by Thomas McCollum with a rebound.
8:36 of 3rd period - Nazem Kadri is hit by Alex Goligoski and loses puck.
8:43 of 3rd period - Wrist shot by Tyler Ennis.
8:43 of 3rd period - Stopped by Brian Elliott with a rebound.
8:45 of 3rd period - Wrist shot by Nazem Kadri.
8:45 of 3rd period - Deflect By Tyler Ennis.
8:45 of 3rd period - Shot Misses the Net.
8:45 of 3rd period - Puck is out of play.
8:46 of 3rd period - Jamie Arniel wins face-off versus Travis Zajac in Panthers zone.
8:47 of 3rd period - Snap shot by Zach Parise.
8:47 of 3rd period - Goal by Zach Parise - Panthers : 2 - Devils : 4.
8:48 of 3rd period - Nazem Kadri wins face-off versus Matt Duchene in neutral zone.
8:51 of 3rd period - Slapshot by Anton Stralman.
8:51 of 3rd period - Shot Misses the Net.
8:53 of 3rd period - Snap shot by Tyler Ennis.
8:53 of 3rd period - Shot Blocked by Matt Duchene.
8:55 of 3rd period - Slapshot by Anton Stralman.
8:55 of 3rd period - Stopped by Brian Elliott without a rebound.
8:56 of 3rd period - Nazem Kadri wins face-off versus Matt Duchene in Panthers zone.
9:27 of 3rd period - Slapshot by Alex Galchenyuk.
9:27 of 3rd period - Stopped by Thomas McCollum without a rebound.
9:28 of 3rd period - Jamie Arniel wins face-off versus Travis Zajac in Devils zone.
9:28 of 3rd period - Jamie Arniel is hit by Jonathan Sigalet.
10:05 of 3rd period - Snap shot by Max Reinhart.
10:05 of 3rd period - Stopped by Thomas McCollum with a rebound.
10:07 of 3rd period - Slapshot by Raphael Diaz.
10:07 of 3rd period - Stopped by Thomas McCollum without a rebound.
10:08 of 3rd period - Matt Duchene wins face-off versus Nazem Kadri in Devils zone.
10:31 of 3rd period - Minor Penalty to Alex Goligoski for Roughing.
10:32 of 3rd period - Nazem Kadri wins face-off versus Max Reinhart in Panthers zone.
11:08 of 3rd period - Taylor Chorney is hit by Jamie Arniel.
12:31 of 3rd period - Penalty to Alex Goligoski is over, Alex Goligoski is back on ice.
13:07 of 3rd period - Backhand shot by Nick Bonino.
13:07 of 3rd period - Shot Blocked by Stefan Ruzicka.
14:15 of 3rd period - Icing by Radko Gudas.
14:16 of 3rd period - Brad Richards wins face-off versus Max Reinhart in Panthers zone.
14:27 of 3rd period - Snap shot by Radko Gudas.
14:27 of 3rd period - Stopped by Thomas McCollum without a rebound.
14:28 of 3rd period - Matt Duchene wins face-off versus Nazem Kadri in Devils zone.
14:29 of 3rd period - Wrist shot by Alex Galchenyuk.
14:29 of 3rd period - Shot Hit the Post.
14:45 of 3rd period - Slapshot by Alex Goligoski.
14:45 of 3rd period - Shot Blocked by Michael Del Zotto.
14:53 of 3rd period - Erik Gudbranson is hit by Tyler Ennis and loses puck.
15:08 of 3rd period - Slapshot by Marian Gaborik.
15:08 of 3rd period - Shot Blocked by Matt Duchene.
15:10 of 3rd period - Snap shot by Josh Gorges.
15:10 of 3rd period - Shot Blocked by Erik Gudbranson.
15:12 of 3rd period - Slapshot by Michael Del Zotto.
15:12 of 3rd period - Shot Blocked by Erik Gudbranson.
15:14 of 3rd period - Slapshot by Michael Del Zotto.
15:14 of 3rd period - Shot Misses the Net.
15:16 of 3rd period - Snap shot by Marian Gaborik.
15:16 of 3rd period - Stopped by Brian Elliott with a rebound.
15:18 of 3rd period - Snap shot by Nazem Kadri.
15:18 of 3rd period - Shot Misses the Net.
15:20 of 3rd period - Wrist shot by Tyler Ennis.
15:20 of 3rd period - Stopped by Brian Elliott with a rebound.
15:22 of 3rd period - Snap shot by Josh Gorges.
15:22 of 3rd period - Shot Blocked by Alex Goligoski.
15:24 of 3rd period - Wrist shot by Tyler Ennis.
15:24 of 3rd period - Stopped by Brian Elliott without a rebound.
15:25 of 3rd period - Brad Richards wins face-off versus Max Reinhart in Panthers zone.
16:01 of 3rd period - Wrist shot by Zach Parise.
16:01 of 3rd period - Stopped by Brian Elliott without a rebound.
16:02 of 3rd period - Max Reinhart wins face-off versus Brad Richards in Panthers zone.
16:02 of 3rd period - Max Reinhart is hit by Kristopher Letang.
16:24 of 3rd period - Minor Penalty to Raphael Diaz for Interference.
16:25 of 3rd period - Nazem Kadri wins face-off versus Max Reinhart in Panthers zone.
16:56 of 3rd period - Slapshot by Jamie Arniel.
16:56 of 3rd period - Deflect By Taylor Chorney.
16:56 of 3rd period - Shot Blocked by Travis Zajac.
16:56 of 3rd period - Puck is out of play.
16:57 of 3rd period - Travis Zajac wins face-off versus Nazem Kadri in Panthers zone.
17:10 of 3rd period - Wrist shot by Tyler Ennis.
17:10 of 3rd period - Stopped by Brian Elliott with a rebound.
18:24 of 3rd period - Penalty to Raphael Diaz is over, Raphael Diaz is back on ice.
18:39 of 3rd period - Snap shot by Travis Zajac.
18:39 of 3rd period - Stopped by Thomas McCollum without a rebound.
18:40 of 3rd period - Matt Duchene wins face-off versus Brad Richards in Devils zone.
19:05 of 3rd period - Alex Galchenyuk is hit by Nazem Kadri and loses puck.
19:54 of 3rd period - Radko Gudas is hit by Anton Stralman and loses puck.
Goals for this period are 0 for Panthers vs 1 for Devils.
Shots for this period are 7 for Panthers vs 18 for Devils.